 Dungeon Crawl Stone Soup version 0.28-a0-1382-g92835e5c71 (webtiles) character file.

Game seed: 13887700650875180032

409 Deminshera the Sneak (level 7, -2/44 HPs)
             Began as a Kobold Brigand on Jan 1, 2022.
             Killed from afar by Ijyb (23 damage)
             ... with a bolt of acid
             ... on level 4 of the Dungeon.
             The game lasted 00:05:21 (6329 turns).

Deminshera the Sneak (Kobold Brigand)               Turns: 6329, Time: 00:05:22

Health: -2/44      AC:  7    Str: 10    XL:     7   Next: 13%
Magic:  7/7        EV: 29    Int: 13    God:
Gold:   98         SH:  0    Dex: 25    Spells: 6/6 levels left

rFire   . . .      SeeInvis .   q - +2 short sword (holy)
rCold   x . .      Faith    .   (no shield)
rNeg    . . .      Spirit   .   r - +0 leather armour of Follow the Leader {rPois rC- Regen+ Dex+9}
rPois   +          Reflect  .   n - +0 helmet
rElec   .          Harm     .   v - scarf {repulsion}
rCorr   .          Rampage  .   g - +2 pair of gloves
Will    .....                   (no boots)
Stlth   +++++.....              j - amulet of the acrobat
HPRegen 0.94/turn               (no ring)
MPRegen 0.10/turn               (no ring)

@: acrobatic, repel missiles
A: small, no large weapons, nightstalker 3
a: no special abilities


You were on level 4 of the Dungeon.
You visited 1 branch of the dungeon, and saw 4 of its levels.

You collected 98 gold pieces.

Inventory:

Hand Weapons
 a - a +2 dagger
 q - a +2 short sword of holy wrath (weapon)
Missiles
 d - 8 poisoned darts
 e - a curare-tipped dart (quivered)
 f - 5 throwing nets
Armour
 c - a +0 cloak
 g - a +2 pair of gloves (worn)
 n - a +0 helmet (worn)
 r - the +0 leather armour of Follow the Leader (worn) {rPois rC- Regen+ Dex+9}
   (You found it on level 3 of the Dungeon)

   Dex:       It affects your dexterity (+9).
   rC:        It makes you vulnerable to cold.
   rPois:     It protects you from poison.
   Regen:     It increases your rate of health regeneration.
 v - a scarf of repulsion (worn)
Jewellery
 j - an amulet of the acrobat (around neck)
 o - a +4 ring of protection
 w - a ring of protection from fire
Wands
 p - a wand of digging (4)
Scrolls
 b - a scroll of immolation {unknown}
 s - a scroll of blinking {unknown}
 u - 2 scrolls of identify {unknown}
 x - a scroll of magic mapping {unknown}
Potions
 h - 2 potions of attraction {unknown}
 i - 2 potions of mutation {unknown}
 k - 2 potions of degeneration {unknown}
 l - 3 potions of haste {unknown}
 m - a potion of curing {unknown}
 t - a potion of might {unknown}


   Skills:
 + Level 4.8 Fighting
 + Level 5.9 Short Blades
 - Level 2.1 Throwing
 - Level 1.2 Dodging
 + Level 7.7 Stealth


You had 6 spell levels left.
You didn't know any spells.
Your spell library contained the following spells:

 Spells                   Type           Power      Damage    Failure   Level
 Slow                     Hex            0%         N/A       38%         1
 Corpse Rot               Necr/Air       0%         N/A       54%         2
 Ensorcelled Hibernation  Hex/Ice        0%         N/A       54%         2
 Poisonous Vapours        Pois/Air       0%         N/A       54%         2
 Confusing Touch          Hex            0%         N/A       77%         3
 Spider Form              Tmut/Pois      0%         N/A       77%         3
 Vampiric Draining        Necr           0%         2d6       77%         3


Dungeon Overview and Level Annotations

Branches:
Dungeon (4/15)
 Temple: D:4-7

Altars:
Nemelex Xobeh

Annotations:
D:4 Ijyb


Innate Abilities, Weirdness & Mutations

You are small and have problems with some larger weapons.
You are completely attuned to the shadows.


Message History

A howler monkey skeleton comes into view.
There is a large open door here.
A howler monkey skeleton is nearby!
The helpless howler monkey skeleton fails to defend itself.
You perforate the howler monkey skeleton like a sieve!!!
You destroy the howler monkey skeleton! 2 goblins come into view.
Ijyb the Twisted Goblin comes into view.
She is wielding a +2 spectral club and carrying a wand of acid (6).
The goblin shouts!
Ijyb shouts!
Ijyb zaps a wand.
The bolt of acid hits the goblin!!
The acid corrodes the goblin!
The goblin dies!
The bolt of acid hits you! The acid corrodes you!
There is a large open door here.
You are no longer corroded.
There is an open gate here.
You hit the goblin.
The goblin is severely wounded.
You puncture the goblin!
You kill the goblin!
There is an open gate here.
You see here a +0 dagger.
Ijyb hits you with a +2 spectral club.
There is a large open door here.
Ijyb completely misses you.
You hit Ijyb but do no damage.
Ijyb zaps a wand.
The bolt of acid hits you!!
Ouch! That really hurt!
You hit Ijyb.
Ijyb is lightly wounded.
Ijyb misses you.
You barely miss Ijyb.
Ijyb is lightly wounded.
Ijyb hits you but does no damage.
You hit Ijyb.
Ijyb is lightly wounded.
Ijyb misses you.
Okay, then.
Ijyb zaps a wand.
The bolt of acid hits you!!
Ouch! That really hurt!
You die...

############
#...'.......
#...@...)...
#...#g......
#...#########
#............
#.....).)....
##+##..(..##+
#.....#
#.....#
#.....#


You could see Ijyb.

Vanquished Creatures
  Sigmund (D:3)
  An orc priest (D:3)
  Natasha (thrice) (D:2)
  Robin (D:2)
  A howler monkey skeleton (D:4)
  4 adders
  9 orcs
  3 ball pythons
  9 endoplasms
  A giant cockroach (D:2)
  19 goblins
  10 hobgoblins
  A jackal (D:4)
  2 quokkas (D:2)
  8 bats
  6 frilled lizards
  6 kobolds
  4 rats
89 creatures vanquished.

Vanquished Creatures (others)
  A goblin (D:4)
1 creature vanquished.

Grand Total: 90 creatures vanquished

Notes
Turn   | Place    | Note
-------+----------+-------------------------------------------
     0 | D:1      | Deminshera the Kobold Brigand began the quest for the Orb.
     0 | D:1      | Reached XP level 1. HP: 12/12 MP: 1/1
   119 | D:1      | Reached XP level 2. HP: 18/18 MP: 2/2
   411 | D:1      | Reached XP level 3. HP: 18/22 MP: 3/3
  1146 | D:2      | Noticed Robin
  2127 | D:1      | Reached skill level 6 in Stealth
  2419 | D:2      | You fall into a shaft and drop 1 floor!
  2459 | D:3      | Noticed Sigmund
  2478 | D:3      | Killed Sigmund
  2479 | D:3      | Reached XP level 4. HP: 7/29 MP: 4/4
  2479 | D:3      | Reached XP level 5. HP: 8/33 MP: 5/5
  2479 | D:3      | Reached XP level 6. HP: 10/38 MP: 6/6
  2999 | D:3      | Reached skill level 7 in Stealth
  2999 | D:3      | Found a faded altar of an unknown god.
  3121 | D:2      | Reached skill level 5 in Short Blades
  3170 | D:2      | Noticed Natasha
  3183 | D:2      | Killed Natasha
  3939 | D:2      | Killed Robin
  4284 | D:2      | Noticed Natasha
  4290 | D:2      | Killed Natasha
  4392 | D:2      | Noticed Natasha
  4395 | D:2      | Killed Natasha
  5085 | D:3      | Identified the +0 leather armour of Follow the Leader
                  | {rPois rC- Regen+ Dex+9}
  5250 | D:3      | Reached XP level 7. HP: 44/44 MP: 7/7
  5729 | D:4      | Found a sparkling altar of Nemelex Xobeh.
  6290 | D:4      | Noticed Ijyb
  6329 | D:4      | Killed from afar by Ijyb

Illustrated notes

Levels and vault maps discovered:
D:1:      psy_arrival_spokes, layout_loops_ring
D:2:      layout_basic, uniq_robin, uniq_natasha
D:3:      layout_loops_ring, shapermc_ecumenical_altar_starsandcircs,
          roderic_roman_lattice, uniq_sigmund
D:4:      kennysheep_goblin_castle, layout_loops_cross,
          nemelex_spade_bored_becter

Skill      XL: |  1  2  3  4  5  6 |
---------------+-------------------+-----
Short Blades   | 3 4 5 |  5.9
Fighting       | 4 |  4.8
Stealth        | 6 7 |  7.7
Throwing       | |  2.1
Dodging        | |  1.2

Action                   |  1- 3 |  4- 6 |  7- 9 || total
-------------------------+-------+-------+-------++-------
Melee: Dagger            |    95 |    64 |       ||   159
       Short sword       |       |    27 |    45 ||    72
Throw: Dart              |    13 |    12 |       ||    25
 Stab: Sleeping          |    14 |    11 |    12 ||    37
       Distracted        |       |     2 |       ||     2
Armor: Robe              |    23 |     8 |       ||    31
       Leather armour    |       |    10 |     7 ||    17
       Animal skin       |       |     1 |       ||     1
Dodge: Dodged            |    66 |    57 |    23 ||   146

Table legend: (Time is in decaauts)
 A = Elapsed time spent in this place.
 B = Non-inter-level travel time spent in this place.
 C = Inter-level travel time spent in this place.
 D = Time resting spent in this place.
 E = Time spent auto-exploring this place.
 F = Levels seen in this place.
 G = Mean time per level.
                   A        B        C        D        E       F      G
               +--------+--------+--------+--------+--------+-----+--------+
         Total |   6284 |   6183 |    101 |   2306 |   3121 |   4 | 1571.0 |
       Dungeon |   6284 |   6183 |    101 |   2306 |   3121 |   4 | 1571.0 |
               +--------+--------+--------+--------+--------+-----+--------+

Top non-repeatable levels by time:
     D:1: 2252 daAuts
     D:2: 2112 daAuts
     D:3: 1296 daAuts
     D:4: 622 daAuts
